 Dungeon Crawl Stone Soup version 0.29-a0-1027-gcd8c55af63 (webtiles) character file.

Game seed: 1451991756970286675

7575 ragingrage the Severer (level 10, -5/70 HPs)
             Began as a Demonspawn Chaos Knight on Aug 13, 2022.
             Was a Plaything of Xom.
             Engulfed by a fire crab's flame (9 damage)
             ... on level 10 of the Dungeon.
             The game lasted 00:12:36 (11383 turns).

ragingrage the Severer (Demonspawn Chaos Knight)   Turns: 11383, Time: 00:12:36

Health: -5/70      AC:  8    Str: 30      XL:     10   Next: 97%
Magic:  0/10       EV: 11    Int: 19 (20) God:    Xom [.*....]
Gold:   609        SH:  0    Dex: 10      Spells: 9/9 levels left

rFire   + . .      SeeInvis .   w - +10 flail of Currency {spect, Str+9 Int+4}
rCold   x . .      Faith    .   (no shield)
rNeg    . . .      Spirit   +   G - +0 acid dragon scales
rPois   .          Reflect  .   (helmet restricted)
rElec   .          Harm     .   I - scarf {shadows}
rCorr   +          Rampage  .   (no gloves)
Will    .....                   (no boots)
Stlth   +.........              i - amulet of guardian spirit
HPRegen 0.21/turn               l - ring of flight
MPRegen 0.12/turn               s - ring of fire

@: flying
A: demonic guardian 1, spiny 1, sharp scales 2, antennae 2, hooves 1, clever 1,
deterioration 1, mutation resistance 1, strong 1
a: Renounce Religion


You were on level 10 of the Dungeon.
You worshipped Xom.
You were a plaything of Xom.
You visited 1 branch of the dungeon, and saw 10 of its levels.

You collected 695 gold pieces.
You spent 86 gold pieces at shops.

Inventory:

Hand Weapons
 a - a +5 war axe
 w - the +10 flail of Currency (weapon) {spect, Str+9 Int+4}
   (You found it on level 10 of the Dungeon)

   When its wielder attacks, the weapon's spirit leaps out and strikes again.
   The spirit shares a part of any damage it takes with its wielder.
   Str:       It affects your strength (+9).
   Int:       It affects your intelligence (+4).
 A - a +1 shortbow of freezing
Missiles
 g - a throwing net
 j - 10 javelins
 D - 10 poisoned darts (quivered)
Armour
 r - a +1 scale mail of cold resistance
 v - a +0 plate armour of cold resistance
 G - +0 acid dragon scales (worn)
 I - a scarf of shadows (worn)
Jewellery
 i - an amulet of guardian spirit (around neck)
 l - a ring of flight (left hand)
 s - a ring of fire (right hand)
Wands
 o - a wand of flame (23)
 t - a wand of light (11)
 E - a wand of iceblast (8)
 H - a wand of paralysis (8)
Scrolls
 d - 4 scrolls of identify
 e - 4 scrolls of amnesia
 k - 2 scrolls of enchant armour
 m - 2 scrolls of torment
 n - 2 scrolls of teleportation
 y - a scroll of magic mapping
 C - 3 scrolls of poison
Potions
 b - a potion of haste {unknown}
 f - 5 potions of curing
 q - a potion of resistance
 u - 2 potions of might
 x - 2 potions of mutation {unknown}
 z - a potion of attraction
Miscellaneous
 c - a piece from Xom's chessboard (11/15)


   Skills:
 - Level 3.0 Fighting
 + Level 15.5 Axes
 - Level 1.7 Armour
 - Level 0.8 Dodging


You had 9 spell levels left.
You didn't know any spells.
Your spell library contained the following spells:

 Spells                   Type           Power      Damage    Failure   Level
 Apportation              Tloc           0%         N/A       24%         1
 Magic Dart               Conj           0%         1d3       24%         1
 Shock                    Conj/Air       0%         1d3       24%         1
 Summon Small Mammal      Summ           0%         N/A       24%         1
 Blink                    Tloc           0%         N/A       36%         2
 Call Imp                 Summ           0%         N/A       36%         2
 Scorch                   Fire           0%         2d5       36%         2
 Call Canine Familiar     Summ           0%         N/A       58%         3
 Lesser Beckoning         Tloc           0%         N/A       58%         3
 Mephitic Cloud           Conj/Pois/Air  0%         N/A       58%         3
 Summon Guardian Golem    Hex/Summ       0%         N/A       58%         3
 Swiftness                Air            0%         N/A       58%         3
 Airstrike                Air            0%         2d(0-16)  94%         4
 Flame Wave               Conj/Fire      0%         2d4       94%         4
 Alistair's Intoxication  Tmut/Pois      0%         N/A       100%        5
 Manifold Assault         Tloc           0%         N/A       100%        5
 Summon Cactus Giant      Summ           0%         N/A       100%        6


Dungeon Overview and Level Annotations

Branches:
Dungeon (10/15)            Temple (0/1) D:7             Orc (0/2) D:9
   Lair: D:8-11

Altars:
Cheibriados
Okawaru
Vehumet
Xom

Shops:
D:2 ?   D:5 !   D:9 ([

Annotations:
D:4 exclusion: downstairs
D:5 1 runed translucent door, exclusion: downstairs, Crazy Yiuf
D:6 2 transporters


Innate Abilities, Weirdness & Mutations

A weak demonic guardian rushes to your aid.
You are partially covered in sharp spines.
You are mostly covered in razor-sharp scales. (AC +2, Slay +2)
You have a pair of antennae on your head.
You have large cloven feet.
Your mind is acute. (Int +4, Str/Dex -1)
Your body sometimes deteriorates upon taking damage.
You are somewhat resistant to further mutation.
Your muscles are strong. (Str +4, Int/Dex -1)


Message History

You are engulfed in blazing flames.
You see here a yak corpse.
The fire crab attacks as you move away! The fire crab bites you!
You are engulfed in flames!
The fire crab closely misses you.
You feel more attuned to fire.
s - a ring of fire (right hand)
A gnoll sergeant comes into view. It is wielding a +2 spear of freezing.
The fire crab bites you!
You are engulfed in flames.
You resist.
* * * LOW HITPOINT WARNING * * *
A demonic guardian appears!
The fire crab barely misses you.
Okay, then.
You feel much better.
The gnoll sergeant shouts!
Your ufetubus hits the fire crab.
Your ufetubus hits the fire crab but does no damage.
The fire crab breathes flames at you. The blast of flame engulfs you.
You resist.
Unknown command.
You hit the fire crab but do no damage. Your kick misses the fire crab.
The fire crab is lightly wounded.
Your +10 flail of Currency {spect, Str+9 Int+4} hits the fire crab!
You are engulfed in blazing flames.
You resist.
Your body deteriorates!
You feel dopey.
Your ufetubus is engulfed in blazing flames.
Your ufetubus dies!
Your ufetubus disappears in a puff of smoke!
The gnoll is engulfed in blazing flames.
The fire crab bites you!
* * * LOW HITPOINT WARNING * * *
You are engulfed in flames.
You resist.
* * * LOW HITPOINT WARNING * * *
The fire crab claws you!
* * * LOW HITPOINT WARNING * * *
You are engulfed in flames!
You resist.
* * * LOW HITPOINT WARNING * * *
Unknown command.
As you read the scroll of summoning, it crumbles to dust.
Wisps of shadow whirl around you...
You are engulfed in blazing flames.
You resist.
You die...

#. Y ##.## #. Y #...# #.
#...# #Y #...##### #.##
#.......< #..# #...#...#
#Yg# #...#.### ##gt#####
#.....# # #.Y°@O..###
###..####
..o.Y.°###...###........
.>...o...........)#...†.
.......#####...####.....
.......# ##..# #.....
######## #..# #.....
#..# #..... #### #.....
######


You could see a fire crab (ally target), a gnoll sergeant (ally target), a
gnoll, a friendly two-headed ogre (summoned), 4 friendly yaks, a friendly orc
wizard (summoned) and a friendly orc (summoned, wandering).

Vanquished Creatures
  Maurice (D:8)
  Maggie (D:6)
  A vampire (D:9)
  10 yaks
  A wraith (D:9)
  A wyvern (D:9)
  2 steam dragons
  Edmund (D:6)
  2 water moccasins (D:8)
  4 acid dragons
  3 black bears
  2 orc warriors
  6 centaurs
  2 ogres (D:4)
  2 kobold brigands
  7 bullfrogs
  2 gnoll sergeants (D:9)
  4 scorpions
  3 necrophages
  17 wights
  3 killer bees (D:9)
  2 howler monkeys
  3 jellies
  A gnoll bouda (D:4)
  5 hounds
  3 iguanas
  2 orc wizards
  16 gnolls
  6 adders
  A white imp (D:7)
  An ufetubus (D:4)
  A worm (D:3)
  2 dart slugs
  27 orcs
  4 bats
  4 endoplasms
  5 giant cockroaches
  6 goblins
  7 hobgoblins
  2 jackals (D:1)
  17 kobolds
  6 quokkas
  3 ball pythons
  2 frilled lizards (D:1)
  4 rats
205 creatures vanquished.

Vanquished Creatures (collateral kills)
  A hound (D:4)
  3 gnolls (D:4)
4 creatures vanquished.

Vanquished Creatures (others)
  10 fungi (D:10)
  20 plants (D:10)
30 creatures vanquished.

Grand Total: 239 creatures vanquished

Notes
Turn   | Place    | Note
-------+----------+-------------------------------------------
     0 | D:1      | ragingrage the Demonspawn Chaos Knight began the quest for
                  | the Orb.
     0 | D:1      | Reached XP level 1. HP: 18/18 MP: 1/1
    15 | D:1      | XOM: silly message
    36 | D:1      | Reached skill level 3 in Axes
   109 | D:1      | Gained mutation: You are partially covered in razor-sharp
                  | scales. (AC +1, Slay +1) [demonic ancestry]
   109 | D:1      | Reached XP level 2. HP: 16/24 MP: 2/2
   614 | D:1      | Gained mutation: You are mostly covered in razor-sharp
                  | scales. (AC +2, Slay +2) [demonic ancestry]
   614 | D:1      | Reached XP level 3. HP: 27/29 MP: 3/3
   641 | D:1      | XOM: cast spell 'Call Canine Familiar'
   965 | D:2      | Reached skill level 4 in Axes
  1189 | D:2      | Reached XP level 4. HP: 15/35 MP: 0/4
  1506 | D:2      | XOM: silly message
  1563 | D:2      | Found Tuzad's Magic Scroll Shop.
  1571 | D:2      | Bought a scroll of teleportation for 42 gold pieces
  1666 | D:2      | Found an iron altar of Okawaru.
  1669 | D:2      | XOM: divination: detect items
  1799 | D:2      | XOM: silly message
  2307 | D:3      | Found a radiant altar of Vehumet.
  2451 | D:3      | Reached skill level 5 in Axes
  2773 | D:4      | XOM: cloud trail
  2832 | D:4      | XOM: divination: detect items
  2834 | D:4      | Noticed an ogre
  2839 | D:3      | Gained mutation: You are partially covered in sharp spines.
                  | [demonic ancestry]
  2839 | D:3      | Reached XP level 5. HP: 39/41 MP: 3/5
  2926 | D:4      | Noticed an ogre
  2934 | D:4      | XOM: enchant monster (bad)
  2948 | D:4      | Killed an ogre
  2949 | D:4      | Reached skill level 6 in Axes
  2973 | D:4      | XOM: scenery: 2 doors open, 2 doors close
  3055 | D:4      | XOM: noise
  3064 | D:4      | Reached XP level 6. HP: 16/47 MP: 4/6
  3369 | D:4      | XOM: summons 6 friendly demons
  3580 | D:4      | Reached skill level 7 in Axes
  3614 | D:4      | Reached XP level 7. HP: 50/52 MP: 7/7
  3627 | D:5      | Entered Level 5 of the Dungeon
  4180 | D:5      | Found Texkeydan's Distillery.
  4244 | D:5      | Bought a potion of might for 44 gold pieces
  4771 | D:5      | XOM: summons friendly crimson imp
  4913 | D:6      | Noticed Edmund
  4913 | D:6      | Noticed Maggie
  4917 | D:5      | XOM: confuse monster(s)
  4927 | D:5      | Reached skill level 8 in Axes
  5193 | D:5      | XOM: 1-stop teleportation journey
  5269 | D:5      | Found an iron altar of Okawaru.
  5510 | D:5      | XOM: divination: detect creatures
  5776 | D:5      | Identified the +5 hammer of the Enchanting Puffin {vorpal,
                  | Will+ Str+2 Stlth+}
  5776 | D:5      | XOM: 2-stop teleportation journey
  5814 | D:5      | Found a runed translucent door.
  5815 | D:5      | Noticed Crazy Yiuf
  5902 | D:6      | Found a snail-covered altar of Cheibriados.
  5927 | D:6      | Reached skill level 9 in Axes
  5927 | D:6      | Reached XP level 8. HP: 27/58 MP: 4/8
  5965 | D:6      | XOM: smoke on damage
  5972 | D:6      | Killed Edmund
  6263 | D:6      | Found a transporter.
  6326 | D:6      | Found a transporter.
  6405 | D:7      | XOM: give mutations
  6405 | D:7      | Gained mutation: You are somewhat resistant to further
                  | mutation. [Xom's grace]
  6405 | D:7      | Gained mutation: Your mind is acute. (Int +4, Str/Dex -1)
                  | [Xom's grace]
  6405 | D:7      | Gained mutation: Your muscles are strong. (Str +4, Int/Dex
                  | -1) [Xom's grace]
  6526 | D:7      | Found a staircase to the Ecumenical Temple.
  6629 | D:7      | XOM: smoke on damage
  6631 | D:7      | Reached skill level 10 in Axes
  6643 | D:7      | XOM: give mutations
  6643 | D:7      | Gained mutation: You have a pair of small antennae on your
                  | head. [Xom's grace]
  6643 | D:7      | Gained mutation: You have a pair of antennae on your head.
                  | [Xom's grace]
  6676 | D:7      | XOM: scenery: summon butterflies
  6700 | D:7      | Identified the +7 short sword of Aboclote {chaos, Fly
                  | Int+4}
  6709 | D:7      | XOM: scenery: create altars
  6777 | D:7      | XOM: give mutation
  6777 | D:7      | Gained mutation: You have large cloven feet. [Xom's grace]
  6875 | D:7      | XOM: summons friendly ufetubus
  6902 | D:7      | XOM: silly message
  6988 | D:7      | XOM: god gift: +0 plate armour of cold resistance
  7247 | D:6      | Reached skill level 11 in Axes
  7251 | D:6      | XOM: noise
  7259 | D:6      | Gained mutation: A weak demonic guardian rushes to your
                  | aid. [demonic ancestry]
  7259 | D:6      | Reached XP level 9. HP: 53/63 MP: 9/9
  7826 | D:6      | XOM: divination: magic mapping
  8014 | D:6      | Killed Maggie
  8015 | D:6      | Reached skill level 12 in Axes
  8099 | D:8      | Noticed Maurice
  8109 | D:8      | Killed Maurice
  8226 | D:8      | XOM: god gift: wand of paralysis (8)
  8227 | D:8      | Reached skill level 13 in Axes
  8233 | D:8      | XOM: 7-stop teleportation journey
  8394 | D:8      | XOM is BORED!
  8394 | D:8      | XOM: summons 5 hostile demons
  8610 | D:8      | Reached XP level 10. HP: 68/70 MP: 10/10
  9312 | D:9      | Reached skill level 14 in Axes
  9369 | D:9      | XOM: summons friendly ufetubus
  9438 | D:9      | XOM: fake destruction
  9526 | D:9      | XOM: cleaving
  9804 | D:9      | XOM: 1-stop teleportation journey
  9983 | D:9      | Found a staircase to the Orcish Mines.
  9993 | D:9      | Found Dasejut's Weapon Boutique.
 10139 | D:9      | Found Geewoc's Antique Armour Shop.
 10164 | D:9      | XOM: cloud trail
 10277 | D:9      | XOM: scenery: 1 doors open
 10288 | D:9      | XOM: scenery: 1 doors close
 10300 | D:9      | XOM: scenery: 1 doors open
 10752 | D:9      | XOM: divination: detect items
 10875 | D:9      | XOM: scenery: 1 doors close
 10988 | D:10     | Entered Level 10 of the Dungeon
 11000 | D:10     | Identified the +10 flail of Currency {spect, Str+9 Int+4}
 11010 | D:10     | Reached skill level 15 in Axes
 11194 | D:10     | XOM is BORED!
 11194 | D:10     | XOM: give mutation
 11194 | D:10     | Gained mutation: Your body sometimes deteriorates upon
                  | taking damage. [Xom's mischief]
 11304 | D:10     | XOM: divination: detect creatures
 11375 | D:10     | Noticed a fire crab
 11375 | D:10     | a yak changed into a fire crab
 11375 | D:10     | XOM: polymorph yak -> fire crab
 11383 | D:10     | Engulfed by a fire crab's flame

Illustrated notes

Levels and vault maps discovered:
D:1:      kennysheep_arrival_forest, layout_basic
D:2:      layout_loops_corners, basic_altar, serial_shops,
          nicolae_shop_statue_plus, dreamdust_princess_bridge
D:3:      layout_rooms, nicolae_vehumet_altar_sigil
D:4:      layout_gridville
D:5:      layout_cave_pools, mainiacjoe_overflow_24_doors, serial_shops,
          nicolae_diamond_shop, uniq_crazy_yiuf_cottage
D:6:      gammafunk_steamed_eel, layout_basic, cheibriados_altar_1, uniq_edmund,
          uniq_maggie
D:7:      layout_loops_cross, minmay_temple_entry_tees
D:8:      layout_basic, serial_co_window_serial, co_window_corner_a,
          co_window_corner_a, co_window_of_opportunity_a, co_window_paths_a,
          co_window_paths_a, co_window_paths_a, co_window_paths_b,
          co_window_corner_b, co_window_corner_ca, co_window_paths_c,
          co_window_corner_cb, co_window_unsneaky_path_d,
          co_window_of_opportunity_c, glass_columns_a, glass_columns_b,
          glass_columns_a, uniq_amaemon, uniq_maurice
D:9:      layout_gridville, orc_david_3, serial_shops, nicolae_take_the_stairs
D:10:     hangedman_screamer, layout_rooms, grunt_lair_entry_orc_guard_hut

Skill      XL: |  1  2  3  4  5  6  7  8  9 10 |
---------------+-------------------------------+-----
Axes           | 3 4 5 6 7 9 11 13 15 | 15.5
Fighting       | |  3.0
Armour         | |  1.7
Dodging        | |  0.8

Action                   |  1- 3 |  4- 6 |  7- 9 | 10-12 || total
-------------------------+-------+-------+-------+-------++-------
Melee: Hand axe          |    40 |       |       |       ||    40
       Whip              |    43 |    62 |       |       ||   105
       Punch             |     1 |     2 |       |       ||     3
       Dagger            |       |    52 |    67 |       ||   119
       Mace              |       |       |   110 |    96 ||   206
       Kick              |       |       |    24 |    46 ||    70
       Flail             |       |       |       |    23 ||    23
       War axe           |       |       |       |    14 ||    14
Throw: Javelin           |     5 |    10 |       |       ||    15
       Dart              |       |       |     3 |       ||     3
Evoke: Piece from Xom's  |       |       |    12 |       ||    12
       Wand              |       |       |     8 |       ||     8
  Use: Scroll            |     1 |     2 |     6 |     5 ||    14
       Potion            |     1 |     2 |     3 |     1 ||     7
 Stab: Confused          |       |       |     1 |       ||     1
       Sleeping          |       |       |     3 |       ||     3
Armor: Leather armour    |    40 |    35 |    60 |       ||   135
       Acid dragon scale |       |       |    21 |    50 ||    71
Dodge: Dodged            |    65 |    48 |   113 |    82 ||   308

Table legend: (Time is in decaauts)
 A = Elapsed time spent in this place.
 B = Non-inter-level travel time spent in this place.
 C = Inter-level travel time spent in this place.
 D = Time resting spent in this place.
 E = Time spent auto-exploring this place.
 F = Levels seen in this place.
 G = Mean time per level.
                   A        B        C        D        E       F      G
               +--------+--------+--------+--------+--------+-----+--------+
         Total |  11393 |  10996 |    397 |   1968 |   7277 |  10 | 1139.3 |
       Dungeon |  11393 |  10996 |    397 |   1968 |   7277 |  10 | 1139.3 |
               +--------+--------+--------+--------+--------+-----+--------+

Top non-repeatable levels by time:
     D:4: 1846 daAuts
     D:9: 1686 daAuts
     D:5: 1475 daAuts
     D:8: 1250 daAuts
     D:2: 1241 daAuts
     D:6: 1073 daAuts
     D:1: 932 daAuts
     D:7: 857 daAuts
     D:3: 636 daAuts
    D:10: 392 daAuts
